 Dungeon Crawl Stone Soup version 0.25-a0-471-g78e40d7af6 (webtiles) character file.

Game seed: 1794013459045213664, levelgen mode: deterministic

7385 Eurus the Thaumaturge (level 10, 0/82 HPs)
             Began as a Mummy Conjurer on Feb 6, 2020.
             Was a Follower of Ashenzari.
             Slain by Joseph
             ... wielding a +0 quarterstaff of protection
              (8 damage)
             ... on level 9 of the Dungeon.
             The game lasted 00:27:52 (9487 turns).

Eurus the Thaumaturge (Mummy Conjurer)              Turns: 9487, Time: 00:27:52

Health: 0/82       AC: 12    Str: 12    XL:     10   Next: 92%
Magic:  24/24      EV:  9    Int: 17    God:    Ashenzari [*.....]
Gold:   535        SH:  0    Dex: 13    Spells: 22/29 levels left

rFire    x . .     SeeInvis +   p - +12 glaive of Prune {vorpal}
rCold    + . .     Gourm    .   (shield currently unavailable)
rNeg     + + +     Faith    .   i - +0 scale mail
rPois    ∞         Spirit   .   t - +0 helmet
rElec    .         Reflect  .   y - +2 cloak {+Inv}
rCorr    .         Harm     .   (no gloves)
MR       +....                  (no boots)
Stlth    ..........             f - amulet of regeneration
HPRegen  0.63/turn              w - ring of see invisible
MPRegen  0.19/turn              (no ring)

@: no status effects
A: no food or potions, fire vulnerability, cold resistance 1, negative energy
resistance 3, torment resistance, unbreathing
a: Curse Item, Scrying, Renounce Religion, Evoke Invisibility


You were on level 9 of the Dungeon.
You worshipped Ashenzari.
Ashenzari was aware of your devotion.
You were not hungry.

You visited 2 branches of the dungeon, and saw 10 of its levels.
You also visited: Ossuary.

You collected 535 gold pieces.

Inventory:

Hand Weapons
 h - a +1 dagger of venom
 p - the +12 glaive of Prune (weapon) {vorpal}
   (You found it on level 4 of the Dungeon)

   It inflicts extra damage upon your enemies.
 v - a +2 dagger of flaming
 D - a +4 dagger
Armour
 i - a +0 scale mail (worn)
 j - a +1 leather armour of cold resistance
 t - a +0 helmet (worn)
 y - a +2 cloak of invisibility (worn)
 A - a scarf of cloud immunity
 E - a +2 robe of fire resistance
Magical Staves
 n - an uncursed staff of cold
 r - an uncursed staff of conjuration
Jewellery
 b - an uncursed amulet of the acrobat
 f - an amulet of regeneration (around neck)
 l - an uncursed amulet of guardian spirit
 w - a ring of see invisible (left hand)
 C - a +3 ring of intelligence
Wands
 k - a wand of random effects (5)
 o - a wand of flame (22)
 q - a wand of acid (21)
 s - a wand of paralysis (11)
 x - a wand of iceblast (5)
Scrolls
 a - 3 scrolls of enchant armour
 c - 4 scrolls of magic mapping
 d - 4 scrolls of teleportation
 e - 7 scrolls of remove curse
 g - 2 scrolls of enchant weapon
 m - 3 scrolls of identify
 u - 2 scrolls of fog
 z - a scroll of amnesia {unknown}
 B - a scroll of acquirement {unknown}


   Skills:
 + Level 8.4 Fighting
 + Level 6.6 Armour
 - Level 1.5 Dodging
 - Level 1.5 Stealth
 + Level 10.3 Spellcasting
 + Level 7.8 Conjurations
 + Level 2.0 Translocations


You had 22 spell levels left.
You knew the following spells:

 Your Spells              Type           Power        Failure   Level  Hunger
a - Magic Dart            Conj           ####         1%          1    N/A
b - Searing Ray           Conj           #####.       2%          2    N/A
c - Iskenderun's Mystic   Conj/Tloc      ####....     43%         4    N/A

Your spell library contained the following spells:

 Spells                   Type           Power        Failure   Level  Hunger
 Dazzling Flash           Conj/Hex       ###...       22%         3    N/A
 Sticks to Snakes         Tmut           #.......     47%         2    N/A
 Fulminant Prism          Conj/Hex       ###.......   56%         4    N/A
 Beastly Appendage        Tmut           Unusable     N/A         1    N/A
 Spider Form              Tmut/Pois      Unusable     N/A         3    N/A
 Ice Form                 Ice/Tmut       Unusable     N/A         4    N/A
 Blade Hands              Tmut           Unusable     N/A         5    N/A

Dungeon Overview and Level Annotations

Branches:
Dungeon (9/15)             Temple (1/1) D:7         Ossuary (visited)
   Lair: D:8-11         Orc: D:9-12

Altars:
Ashenzari
Gozag
Hepliaklqana
Kikubaaqudgha
Nemelex Xobeh
Qazlal
Ru
Sif Muna
Trog
Uskayaw
Vehumet
Xom
Zin
The Shining One

Annotations:
D:1 2 exclusions
D:3 Sigmund
D:9 Joseph


Innate Abilities, Weirdness & Mutations

You do not eat or drink.
Your flesh is vulnerable to fire.
You are immune to poison.
Your flesh is cold resistant. (rC+)
You are immune to negative energy. (rN+++)
You are immune to unholy pain and torment.
You can survive without breathing.


Message History

* * * LOW HITPOINT WARNING * * *
You hit Joseph.
Joseph is heavily wounded.
Joseph hits you with a +0 quarterstaff of protection!
* * * LOW HITPOINT WARNING * * *
You closely miss Joseph.
Joseph is heavily wounded.
Joseph closely misses you. Joseph hits you but does no damage.
You hit Joseph.
Joseph is severely wounded.
Joseph barely misses you.
You barely miss Joseph.
Joseph is severely wounded.
Joseph hits you but does no damage. Joseph barely misses you.
You slash Joseph!
Joseph is almost dead.
Joseph hits you with a +0 quarterstaff of protection!
* * * LOW HITPOINT WARNING * * *
Joseph hits you with a +0 quarterstaff of protection!
You die...

#...# #.# #...# #.######
....######################.......
.................................
#####...............(............
#................############
#................#
#................#
#####...........@....#
...............@.........
.........................
..........................
#.........................
#......)..................
#........................
#.......)....................#
#..........)....>............#


You could see Joseph.

Vanquished Creatures
  Erolcha (D:9)
  Harold (D:7)
  A hornet (D:8)
  A hippogriff (D:9)
  Eustachio (D:4)
  4 hogs (D:7)
  A human (D:7)
  A hungry ghost (D:8)
  2 ice beasts
  Purgy (D:4)
  A black bear (D:9)
  2 phantoms
  3 orc warriors
  3 sky beasts
  An eye of draining (D:6)
  3 ogres
  2 centaurs (D:6)
  2 bullfrogs (D:7)
  4 water moccasin zombies
  2 scorpions (D:8)
  16 wights
  4 howler monkeys
  4 crimson imps
  A bullfrog zombie (D:5)
  2 centaur zombies
  3 jellies
  Crazy Yiuf (D:6)
  A bullfrog skeleton (D:6)
  3 orc priests
  8 orc wizards
  2 centaur skeletons
  3 hounds
  3 iguanas
  9 worker ants
  2 killer bee zombies
  2 big kobold zombies (Ossuary)
  2 mummies (Ossuary)
  A worker ant zombie (D:6)
  8 adders
  4 gnolls (D:3)
  3 shadow imps
  11 adder zombies (Ossuary)
  An adder skeleton (D:5)
  5 worms
  3 dart slugs
  4 leopard geckos
  27 orcs
  6 giant cockroaches
  11 goblins
  10 hobgoblins
  17 jackals
  6 kobolds
  3 quokkas
  4 ball pythons
  10 bats
  4 frilled lizards
  4 gnoll zombies (Ossuary)
  A hobgoblin zombie (Ossuary)
  2 kobold zombies (Ossuary)
  6 orc zombies (Ossuary)
  A quokka zombie (D:9)
  7 rats
  2 rat zombies (D:5)
264 creatures vanquished.

Notes
Turn   | Place    | Note
-------+----------+-------------------------------------------
     0 | D:1      | Eurus the Mummy Conjurer began the quest for the Orb.
     0 | D:1      | Reached XP level 1. HP: 13/13 MP: 4/4
   311 | D:1      | Reached skill level 3 in Spellcasting
   352 | D:1      | Reached XP level 2. HP: 19/20 MP: 1/6
   446 | D:1      | Reached skill level 1 in Fighting
   940 | D:1      | Reached XP level 3. HP: 26/26 MP: 5/7
  1061 | D:1      | Learned a level 2 spell: Searing Ray
  1314 | D:2      | Found a shimmering altar of Xom.
  1316 | D:2      | Found a blossoming altar of Fedhas.
  1316 | D:2      | Found an opulent altar of Gozag.
  1318 | D:2      | Found a glowing golden altar of the Shining One.
  1318 | D:2      | Found a hazy altar of Hepliaklqana.
  1318 | D:2      | Found a shimmering altar of Xom.
  1484 | D:2      | Reached XP level 4. HP: 33/33 MP: 4/9
  1946 | D:2      | Found a sparkling altar of Nemelex Xobeh.
  2301 | D:3      | Reached skill level 4 in Spellcasting
  2594 | D:3      | Found a shattered altar of Ashenzari.
  2597 | D:3      | Became a worshipper of Ashenzari the Shackled
  2609 | D:3      | Noticed Sigmund
  2708 | D:3      | Reached XP level 5. HP: 39/39 MP: 8/11
  3174 | D:3      | Found an ancient bone altar of Kikubaaqudgha.
  3427 | D:4      | Found the +12 glaive of Prune {vorpal}
  3519 | D:4      | Reached skill level 1 in Armour
  3559 | D:4      | Noticed Purgy
  3586 | D:4      | Found a radiant altar of Vehumet.
  3586 | D:4      | Found a sacrificial altar of Ru.
  3591 | D:4      | Found a glowing silver altar of Zin.
  3593 | D:4      | Found a faded altar of an unknown god.
  3595 | D:4      | Found a bloodstained altar of Trog.
  3675 | D:4      | Noticed a phantom
  3696 | D:4      | Killed a phantom
  3696 | D:4      | Reached XP level 6. HP: 43/47 MP: 2/13
  3820 | D:4      | Noticed Eustachio
  4006 | D:5      | Entered Level 5 of the Dungeon
  4030 | D:4      | Killed Purgy
  4030 | D:4      | Reached skill level 5 in Spellcasting
  4114 | D:5      | Found a sand-covered staircase.
  4120 | D:5      | Reached XP level 7. HP: 45/53 MP: 9/15
  4125 | Ossuary  | Entered an ossuary
  4380 | Ossuary  | Reached skill level 5 in Conjurations
  4384 | Ossuary  | Reached skill level 6 in Spellcasting
  4629 | D:5      | Reached XP level 8. HP: 48/61 MP: 17/17
  4830 | D:5      | Found a hide-covered altar of Uskayaw.
  5273 | D:4      | Killed Eustachio
  5273 | D:4      | Reached skill level 5 in Fighting
  5517 | D:6      | Reached skill level 7 in Spellcasting
  5748 | D:6      | Found a runed translucent door.
  5749 | D:6      | Noticed Crazy Yiuf
  5753 | D:6      | Paralysed by Crazy Yiuf for 3 turns
  5756 | D:6      | Killed Crazy Yiuf
  5931 | D:6      | Reached XP level 9. HP: 34/69 MP: 10/20
  6142 | D:6      | Reached * piety under Ashenzari
  6317 | D:6      | Reached skill level 8 in Spellcasting
  6389 | D:6      | Found a bloodstained altar of Trog.
  6792 | D:7      | Reached skill level 5 in Armour
  6837 | D:7      | Found a staircase to the Ecumenical Temple.
  7399 | D:7      | Reached skill level 9 in Spellcasting
  7405 | D:7      | Reached XP level 10. HP: 68/79 MP: 10/23
  7568 | D:7      | Noticed Harold
  7580 | D:7      | Killed Harold
  7702 | Temple   | Entered the Ecumenical Temple
  8381 | D:8      | Noticed a cyan ugly thing
  8693 | D:8      | Learned a level 4 spell: Iskenderun's Mystic Blast
  8898 | D:9      | Noticed Erolcha
  8920 | D:9      | Killed Erolcha
  8920 | D:9      | Reached skill level 10 in Spellcasting
  8920 | D:9      | Reached skill level 1 in Translocations
  9473 | D:9      | Noticed Joseph
  9487 | D:9      | Slain by Joseph

Levels and vault maps discovered:
D:1:      wander_arrival_chamber, layout_basic, serial_glass, glass_columns_a,
          glass_columns_c, glass_columns_b, glass_columns_b, glass_columns_b,
          minmay_strange_pillars, minmay_strange_pillars, due_unseen_surprise,
          feat_on_display, patterned_corridor
D:2:      layout_rooms, lemuel_round_altar, doesnt_xom_only_xom
D:3:      layout_loops_corners, lemuel_coloured_pillars_altar,
          ashenzari_altar_1, uniq_sigmund
D:4:      layout_rooms, chequers_temple_overflow_minitemple, uniq_purgy,
          uniq_eustachio
D:5:      layout_basic, old_standard_altar, enter_ossuary_4, first_ration
D:6:      layout_loops_corners, trog_eyes_of_draining, uniq_crazy_yiuf_cottage
D:7:      layout_rooms, minmay_temple_entry_sparse_star, grunt_livestock,
          uniq_harold
D:8:      kennysheep_big_flooded_room, layout_loops_corners
D:9:      cheibrodos_wizards_tower, layout_long_grid, uniq_joseph, uniq_erolcha
Temple:   dpeg_chambers_temple

Skill      XL: |  1  2  3  4  5  6  7  8  9 10 |
---------------+-------------------------------+-----
Spellcasting   | 3 4 5 6 7 9 10 | 10.3
Fighting       | 1 2 3 4 5 7 8 |  8.4
Conjurations   | 4 5 6 7 |  7.8
Armour         | 1 2 3 4 5 6 |  6.6
Translocations | 2 |  2.0
Dodging        | |  1.5
Stealth        | |  1.5

Action                   |  1- 3 |  4- 6 |  7- 9 | 10-12 || total
-------------------------+-------+-------+-------+-------++-------
Melee: Unarmed           |     6 |       |       |       ||     6
       Short sword       |    36 |    72 |       |       ||   108
       Glaive            |       |    22 |   196 |    78 ||   296
 Cast: Magic Dart        |    61 |    54 |    54 |    26 ||   195
       Searing Ray       |     3 |    11 |    35 |    14 ||    63
  Use: Scroll            |       |     1 |    10 |     2 ||    13
 Stab: Sleeping          |       |     1 |     6 |     2 ||     9
Armor: Robe              |    17 |    16 |    14 |       ||    47
       Leather armour    |       |       |    54 |    19 ||    73
       Scale mail        |       |       |       |    27 ||    27
Dodge: Dodged            |    35 |    72 |   166 |    41 ||   314

Table legend:
 A = Non-vault XP
 B = Vault XP
 C = Vault XP percentage of total XP
 D = Non-vault monster count
 E = Vault monster count
 F = Vault count percentage of total count
                 A         B        C        D         E       F
            +---------+---------+-------+---------+---------+-------
      Total |    6713 |    3838 |  36.4 |     218 |      46 |  17.4
            +---------+---------+-------+---------+---------+-------
        D:1 |      50 |       0 |   0.0 |      28 |       0 |   0.0
        D:2 |      67 |       0 |   0.0 |      23 |       0 |   0.0
        D:3 |     121 |       0 |   0.0 |      30 |       0 |   0.0
        D:4 |     227 |     340 |  60.0 |      10 |       2 |  16.7
        D:5 |     770 |       2 |   0.3 |      24 |       2 |   7.7
        D:6 |    1622 |     167 |   9.3 |      34 |       4 |  10.5
        D:7 |    1226 |    1909 |  60.9 |      28 |       6 |  17.6
        D:8 |    1241 |       0 |   0.0 |      23 |       0 |   0.0
        D:9 |    1389 |    1025 |  42.5 |      18 |       1 |   5.3
    Ossuary |       0 |     395 | 100.0 |       0 |      31 | 100.0
            +---------+---------+-------+---------+---------+-------
